 Dungeon Crawl Stone Soup version 0.22-a0-86-g94e0ad4 (webtiles) character file.

32 shenanigans the Skirmisher (level 3, -2/30 HPs)
             Began as a Barachi Monk on Jan 20, 2018.
             Slain by a gnoll
             ... wielding a +2 spear of chaos
              (17 damage)
             ... on level 2 of the Dungeon.
             The game lasted 00:01:55 (1018 turns).

shenanigans the Skirmisher (Barachi Monk)           Turns: 1018, Time: 00:01:56

Health: -2/30      AC:  5    Str: 12    XL:     3   Next: 25%
Magic:  3/3        EV: 11    Int: 11    God:
Gold:   42         SH:  4    Dex: 14    Spells: 2/2 levels left

rFire    . . .     SeeInvis +   h - +0 dagger (venom)
rCold    . . .     Gourm    .   g - +0 buckler
rNeg     . . .     Faith    .   k - +0 ring mail
rPois    .         Spirit   .   (no helmet)
rElec    .         Reflect  .   (no cloak)
rCorr    .         Harm     .   (no gloves)
MR       .....                  (no boots)
Stlth    +.........             (no amulet)
HPRegen  0.10/turn              f - ring of see invisible
MPRegen  0.08/turn              (no ring)

@: slow
A: +LOS, swims, slowness 1, strong legs 1
a: Hop


You were on level 2 of the Dungeon.
You were hungry.

You visited 1 branch of the dungeon, and saw 2 of its levels.

You collected 42 gold pieces.

Inventory:

Hand Weapons
 a - a +0 hand axe
 h - a +0 dagger of venom (weapon)
Armour
 b - a +0 robe
 g - a +0 buckler (worn)
 k - a +0 ring mail (worn)
Jewellery
 f - a ring of see invisible (left hand)
Scrolls
 i - 2 scrolls of amnesia {unknown}
 l - a scroll of immolation {unknown}
Potions
 d - a potion of brilliance {unknown}
 e - 2 potions of haste {unknown}
 j - a potion of resistance {unknown}
Comestibles
 c - 2 rations


   Skills:
 + Level 4.0 Fighting
 + Level 3.6 Axes
 + Level 1.3 Armour
 + Level 3.6 Dodging
 - Level 1.7 Stealth
 * Level 0.8 Shields


You had 2 spell levels left.
You didn't know any spells.

Dungeon Overview and Level Annotations

Branches:
Dungeon (2/15)

Altars:


Innate Abilities, Weirdness & Mutations

Shadows flee at your approach. (+LOS)
You can swim through water.
You cover ground slowly.
You can hop short distances.


Message History

There are monsters nearby!
The gnoll hits you from afar with a spear of chaos.
The gnoll closely misses you.
You barely miss the gnoll. You block the gnoll's attack.
You hit the gnoll.
The gnoll is poisoned.
The gnoll is lightly wounded.
You block the gnoll's attack.
You hit the gnoll.
The gnoll looks as sick as possible!
The gnoll is moderately wounded.
The gnoll hits you with a spear of chaos.
The gnoll draws strength from your wounds!
You hit the gnoll.
The gnoll is moderately wounded.
The gnoll barely misses you.
You barely miss the gnoll.
The gnoll is moderately wounded.
The gnoll hits you with a spear of chaos.
You are electrocuted!
Ouch! That really hurt!
You die...

###.#....####.#####.#......
.........)..>.....# #.#.###
###.#..#.##.....### ###...#
# #..#.###.#### .≈≈####.# #
#g.#.# #.# # ..... #)#
#.#..#.###.##g #..#≈ #.#
...#.....#.≈≈...≈# #.#
######(#####.#.#.≈≈#. #.#
..........@g.#≈...≈ ⌠≈ #.#
######.#####.#.#.#.##≈ #.#
# #.#.⌠g..g⌠. #.#
#..#....#.. ### ###⌠#....##
.#. #≈.. ≈##≈≈ . ≈≈ ⌠# #.
.#


You could see a gnoll.

Vanquished Creatures
  An adder (D:2)
  A leopard gecko (D:1)
  2 giant cockroaches (D:1)
  2 hobgoblins (D:1)
  4 jackals (D:1)
  3 kobolds (D:1)
  A bat (D:1)
  3 goblins
  2 rats
19 creatures vanquished.

Notes
Turn   | Place    | Note
-------+----------+-------------------------------------------
     0 | D:1      | shenanigans the Barachi Monk began the quest for the Orb.
     0 | D:1      | Reached XP level 1. HP: 18/18 MP: 1/1
   108 | D:1      | Reached XP level 2. HP: 21/25 MP: 2/2
   188 | D:1      | Reached skill level 1 in Armour
   930 | D:2      | Reached skill level 4 in Fighting
   930 | D:2      | Reached XP level 3. HP: 27/30 MP: 3/3
  1018 | D:2      | Slain by a gnoll

Vault maps used:
D:1:      lightli_iron_boxes
D:2:      tgw_xom

Skill      XL: |  1  2 |
---------------+-------+-----
Armour         | 1 |  1.3
Fighting       | 4 |  4.0
Axes           | |  3.6
Dodging        | |  3.6
Stealth        | |  1.7
Shields        | |  0.8

Action                   || total
-------------------------++-------
Melee: Hand axe          ||    36
       Dagger            ||    39
 Stab: Sleeping          ||     1
Armor: Robe              ||     9
       Ring mail         ||     3
Dodge: Dodged            ||    52
Block: Buckler           ||     7

Table legend:
 A = Spawn XP
 B = Non-spawn XP
 C = Spawn XP percentage of total XP
 D = Spawn monster count
 E = Non-spawn monster count
 F = Spawn count percentage of total count
 G = Total turns spent on level
                    A         B        C        D         E        F      G
               +---------+---------+-------+---------+---------+-------+---------
         Total |       0 |      46 |   0.0 |       0 |      19 |   0.0 |  1018
               +---------+---------+-------+---------+---------+-------+---------
           D:1 |       0 |      30 |   0.0 |       0 |      16 |   0.0 |   868
           D:2 |       0 |      16 |   0.0 |       0 |       3 |   0.0 |   150
               +---------+---------+-------+---------+---------+-------+---------
